 Dungeon Crawl Stone Soup version 0.32-a0-643-ga006e7742e (webtiles) character file.

Game seed: 16157321622940109938

209 2FriedEggs the Ruffian (level 5, 0/52 HPs)
             Began as an Octopode Shapeshifter on Mar 8, 2024.
             Slain by an orc
             ... wielding a +0 flail
              (6 damage)
             ... on level 4 of the Dungeon.
             The game lasted 00:05:01 (2583 turns).

2FriedEggs the Ruffian (Octopode Shapeshifter)      Turns: 2583, Time: 00:05:02

Health: 0/52       AC: 22    Str: 15    XL:     5   Next: 87%
Magic:  5/5        EV:  2    Int: 13    God:
Gold:   304        SH:  0    Dex: 11    Spells: 4/4 levels left

rFire   . . .        j - +2 dagger (elec)
rCold   . . .        (no shield)
rNeg    . . .        (helmet currently unavailable)
rPois   +            (no amulet)
rElec   .            n - +5 ring of evasion
rCorr   .            (no ring)
SInv    .            (no ring)
Will    .....        (no ring)
Stlth   +            (no ring)
HPRegen 0.28/turn    (no ring)
MPRegen 0.09/turn    (no ring)
                     (no ring)

%: no passive effects
@: tree-form
A: stationary, stasis, torment immunity, boosted hp, almost no armour,
(amphibious), 8 rings, (camouflage 1), (gelatinous body 1), (nimble swimmer 1),
(tentacles)
a: no special abilities


You were on level 4 of the Dungeon.
You were a tree.
You visited 1 branch of the dungeon, and saw 4 of its levels.

You collected 304 gold pieces.

Inventory:

Hand Weapons
 j - a +2 dagger of electrocution (weapon)
Jewellery
 n - a +5 ring of evasion (left branch)
 q - a +6 ring of strength
Talismans
 b - a beast talisman
 c - a flux talisman (active)
Scrolls
 h - 2 scrolls of revelation {unknown}
 i - a scroll of fear {unknown}
 k - 4 scrolls of identify {unknown}
 l - 2 scrolls of vulnerability {unknown}
 m - a scroll of brand weapon {unknown}
 o - a scroll of enchant armour {unknown}
 r - a scroll of fog {unknown}
Potions
 a - 2 potions of lignification
 d - 2 potions of brilliance {unknown}
 e - 3 potions of resistance {unknown}
 f - a potion of might {unknown}
 g - a potion of haste {unknown}
 p - a potion of invisibility {unknown}


   Skills:
 + Level 2.5 Fighting
 - Level 2.2 Dodging
 * Level 4.5 Unarmed Combat
 * Level 4.3 Shapeshifting


You had 4 spell levels left.
You didn't know any spells.
Your spell library contained the following spells:

 Spells                   Type           Power      Damage    Failure   Level
 Slow                     Hex            0%         N/A       30%         1
 Lesser Beckoning         Tloc           0%         N/A       43%         2
 Confusing Touch          Hex            0%         N/A       67%         3
 Gell's Gravitas          Tloc           0%         N/A       67%         3
 Sigil of Binding         Hex            0%         N/A       67%         3
 Teleport Other           Tloc           0%         N/A       67%         3
 Vampiric Draining        Necr           0%         2d6       67%         3


Dungeon Overview and Level Annotations

Branches:
Dungeon (4/15)
 Temple: D:4-7

Altars:
Kikubaaqudgha
Xom

Shops:
D:2 =

Annotations:
D:2 exclusion: gnoll
D:4 exclusion: ogre


Innate Abilities, Weirdness & Mutations

You are a tree.
Your roots penetrate the ground, keeping you stationary.
You cannot be teleported.
You are immune to unholy pain and torment.
Your maximum health is greatly increased.
You cannot wear most types of armour.
((You are amphibious.))
You can wear up to eight rings at the same time.
((Your skin changes colour to match your surroundings (Stealth+).))
((Your rubbery body absorbs attacks. (AC +1, EV +1)))
((You are camouflaged when in or above water. (Stealth+)))
((You have tentacles for arms and can constrict up to eight enemies at once.))


Message History

The orc wizard shouts!
The orc hits you with a +0 club. The orc hits you but does no damage.
You barely miss the orc. The orc hits you but does no damage. x2
You hit the orc but do no damage. The orc hits you with a +0 club.
* * * LOW HITPOINT WARNING * * *
The orc hits you with a +0 falchion.
* * * LOW HITPOINT WARNING * * *
You hit the orc but do no damage. The orc hits you with a +0 falchion.
* * * LOW HITPOINT WARNING * * *
You barely miss the orc. The orc hits you but does no damage.
The orc barely misses you.
You hit the orc but do no damage. Lightning courses through the orc!
You kill the orc!
The orc hits you but does no damage. The orc barely misses you.
You closely miss the orc. The orc hits you but does no damage. x2
The orc wizard hits you but does no damage.
The orc hits you but does no damage.
You hit the orc. Lightning courses through the orc!!
You kill the orc!
The orc wizard hits you but does no damage.
The orc hits you with a +0 flail.
* * * LOW HITPOINT WARNING * * *
The orc hits you but does no damage.
You hit the orc wizard but do no damage.
The orc wizard barely misses you. The orc hits you but does no damage.
The orc barely misses you.
You barely miss the orc wizard.
The orc wizard hits you but does no damage.
The orc hits you with a +0 flail.
* * * LOW HITPOINT WARNING * * *
The orc hits you but does no damage.
You hit the orc wizard but do no damage.
The orc wizard hits you but does no damage.
The orc hits you but does no damage. The orc hits you with a +0 falchion.
* * * LOW HITPOINT WARNING * * *
You hit the orc wizard.
The orc wizard is lightly wounded.
The orc wizard hits you but does no damage.
The orc hits you with a +0 flail.
You die...

...................##
###...................##
##########.....................##
#....).........[ .............##
#.............# ##............##
#..........####+##.............##
#..............>.))..............
#................o...............
#..............)♣)........)......
#..............oo##..............
#...............##...............
######...........................
#..........##...............
.............................
.....#................ ...
...#................ ...... ..
#........####'###....+#.


You could see an orc wizard and 2 orcs.

Vanquished Creatures
  A bombardier beetle (D:4)
  An orc priest (D:4)
  2 orc wizards (D:4)
  3 adders
  A ribbon worm (D:4)
  4 dart slugs
  7 orcs
  5 ball pythons
  A bat (D:3)
  6 endoplasms
  2 giant cockroaches
  4 goblins
  4 hobgoblins
  2 quokkas
  3 frilled lizards
  4 kobolds
  5 rats
55 creatures vanquished.

Notes
Turn   | Place    | Note
-------+----------+-------------------------------------------
     0 | D:1      | 2FriedEggs the Octopode Shapeshifter began the quest for
                  | the Orb.
     0 | D:1      | Reached XP level 1. HP: 13/13 MP: 1/1
    90 | D:1      | Reached XP level 2. HP: 18/18 MP: 2/2
   931 | D:2      | Reached XP level 3. HP: 20/23 MP: 3/3
  1189 | D:2      | Found Heim's Jewellery Boutique.
  1827 | D:3      | Reached XP level 4. HP: 29/29 MP: 4/4
  1882 | D:3      | Found a faded altar of an unknown god.
  2071 | D:3      | Found a shimmering altar of Xom.
  2071 | D:3      | Found an ancient bone altar of Kikubaaqudgha.
  2328 | D:4      | Noticed an ogre
  2477 | D:4      | Reached XP level 5. HP: 34/34 MP: 5/5
  2583 | D:4      | Slain by an orc

Illustrated notes

Levels and vault maps discovered:
D:1:      lightli_arrival_noodles, layout_basic
D:2:      layout_basic, serial_shops, shop, kennysheep_generic_room_10
D:3:      layout_rooms, nicolae_overflow_two_pavilions,
          chequers_ecumenical_altar_twisty
D:4:      layout_basic, minmay_unequal

Skill      XL: |  1  2  3  4 |
---------------+-------------+-----
Fighting       | 2 |  2.5
Unarmed Combat | 4 |  4.5
Shapeshifting  | 4 |  4.3
Dodging        | |  2.2

Action                     |  1- 3 |  4- 6 || total
---------------------------+-------+-------++-------
  Melee: Unarmed           |    34 |    14 ||    48
         Constrict         |     7 |     5 ||    12
         Tentacles         |     2 |     6 ||     8
         Dagger            |    23 |    41 ||    64
    Use: Potion            |       |     1 ||     1
   Stab: Sleeping          |     9 |     1 ||    10
 Armour: Skin              |    13 |    45 ||    58
  Dodge: Dodged            |    26 |    36 ||    62
   Form: Flux              |       |     1 ||     1

Table legend: (Time is in decaauts)
 A = Elapsed time spent in this place.
 B = Non-inter-level travel time spent in this place.
 C = Inter-level travel time spent in this place.
 D = Time resting spent in this place.
 E = Time spent auto-exploring this place.
 F = Levels seen in this place.
 G = Mean time per level.
                   A        B        C        D        E       F      G
               +--------+--------+--------+--------+--------+-----+--------+
         Total |   2579 |   2475 |    104 |     61 |   2011 |   4 |  644.8 |
       Dungeon |   2579 |   2475 |    104 |     61 |   2011 |   4 |  644.8 |
               +--------+--------+--------+--------+--------+-----+--------+

Top non-repeatable levels by time:
     D:1: 873 daAuts
     D:2: 796 daAuts
     D:4: 473 daAuts
     D:3: 436 daAuts
